 Dungeon Crawl Stone Soup version 0.30-a0-778-g2ef04afb54 (webtiles) character file.

Game seed: 10731898266521926050

812 Aneyh the Fighter (level 7, -2/50 HPs)
             Began as a Tengu Monk on Feb 17, 2023.
             Killed by divine providence
             ... invoked by an orc priest
              (13 damage)
             ... on level 6 of the Dungeon.
             The game lasted 00:14:13 (6164 turns).

Aneyh the Fighter (Tengu Monk)                      Turns: 6164, Time: 00:14:14

Health: -2/50      AC:  2    Str: 18    XL:     7   Next: 93%
Magic:  17/17      EV: 15    Int: 17    God:
Gold:   264        SH:  0    Dex: 16    Spells: 6/6 levels left

rFire   . . .      SeeInvis .    v - +0 trident
rCold   . . .      Faith    .    (no shield)
rNeg    . . .      Spirit   .    p - +0 robe of the Kettle-Drum {Int+7}
rPois   .          Reflect  .    (helmet restricted)
rElec   .          Harm     .    (no cloak)
rCorr   .          Rampage  .    (no gloves)
Will    +....                    (boots unavailable)
Stlth   ++                       (no amulet)
HPRegen 0.28/turn                s - ring of Ufiqynesh {Will+ Str+4}
MPRegen 0.15/turn                i - ring of magical power

@: flying quickly and evasively, quick
A: beak, talons 3, nimble flight
a: no special abilities


You were on level 6 of the Dungeon.
You visited 2 branches of the dungeon, and saw 7 of its levels.

You collected 264 gold pieces.

Inventory:

Hand Weapons
 a - a +0 spear
 e - a +2 dagger of draining
 u - a +3 short sword
 v - a +0 trident (weapon)
Missiles
 q - 2 javelins (quivered)
 z - 6 boomerangs
Armour
 b - a +0 robe
 p - the +0 robe of the Kettle-Drum (worn) {Int+7}
   (You found it on level 3 of the Dungeon)

   Int:       It affects your intelligence (+7).
Jewellery
 g - a ring of flight
 i - a ring of magical power (right hand)
 s - the ring of Ufiqynesh (left hand) {Will+ Str+4}
   (You found it on level 3 of the Dungeon)

   [ring of willpower]

   Str:       It affects your strength (+4).
   Will:      It increases your willpower.
Wands
 r - a wand of polymorph (11)
 x - a wand of mindburst (19)
Scrolls
 d - 4 scrolls of blinking {unknown}
 h - 2 scrolls of silence {unknown}
 j - a scroll of fog {unknown}
 k - a scroll of enchant weapon {unknown}
 l - a scroll of fear {unknown}
 n - 5 scrolls of identify {unknown}
 t - a scroll of poison {unknown}
 y - a scroll of teleportation {unknown}
 A - a scroll of magic mapping {unknown}
 B - a scroll of noise {unknown}
Potions
 c - a potion of ambrosia
 f - 2 potions of mutation {unknown}
 m - a potion of flight {unknown}
 o - 2 potions of curing {unknown}
 w - 2 potions of might {unknown}


   Skills:
 + Level 8.4 Fighting
 - Level 5.1 Polearms
 - Level 3.2 Dodging
 - Level 2.0 Stealth


You had 6 spell levels left.
You didn't know any spells.
Your spell library contained the following spells:

 Spells                   Type           Power      Damage    Failure   Level
 Beastly Appendage        Tmut           0%         N/A       24%         1
 Blink                    Tloc           0%         N/A       34%         2
 Cigotuvi's Dreadful Rot  Necr/Pois/Air  0%         N/A       34%         2
 Poisonous Vapours        Pois/Air       0%         N/A       34%         2
 Scorch                   Fire           0%         2d5       34%         2
 Wereblood                Tmut           0%         N/A       34%         2
 Mephitic Cloud           Conj/Pois/Air  0%         N/A       56%         3
 Spider Form              Tmut/Pois      0%         N/A       56%         3
 Flame Wave               Conj/Fire      0%         2d4       93%         4
 Manifold Assault         Tloc           0%         N/A       93%         4
 Summon Cactus Giant      Summ           0%         N/A       100%        6
 Storm Form               Tmut/Air       0%         N/A       100%        7


Dungeon Overview and Level Annotations

Branches:
Dungeon (6/15)             Temple (1/1) D:4

Altars:
Ashenzari
Cheibriados
Fedhas
Gozag
Makhleb
Okawaru
Ru
Sif Muna
Trog
Uskayaw
Vehumet
Wu Jian
Yredelemnul
Zin
The Shining One

Shops:
D:5 ?

Annotations:
D:5 Edmund, Prince Ribbit


Innate Abilities, Weirdness & Mutations

You have a beak for a mouth.
You have claws for feet.
Your magical nature lets you fly swiftly and evasively.


Message History

You kill the adder!
No target in view!
You see here an adder corpse.
q - 2 javelins (gained 1)
You pick up a book of Scorching and begin reading...
You add the spells Scorch, Flame Wave and Summon Cactus Giant to your library.
No target in view!
Found a plate armour.
You see here a +0 plate armour.
An orc warrior comes into view. It is wielding a +0 battleaxe.
The orc warrior shouts!
You puncture the orc warrior!
You claw the orc warrior, but do no damage.
Your peck misses the orc warrior.
The orc warrior is moderately wounded.
The orc warrior barely misses you.
You barely miss the orc warrior. You peck the orc warrior.
The orc warrior is heavily wounded.
The orc warrior closely misses you.
You barely miss the orc warrior. You claw the orc warrior.
The orc warrior is heavily wounded.
The orc warrior hits you but does no damage.
An orc comes into view. It is wielding a +0 hand axe.
You puncture the orc warrior! Your kick misses the orc warrior.
The orc warrior is almost dead.
The orc warrior hits you with a +0 battleaxe!
You hit the orc warrior but do no damage.
Your kick misses the orc warrior.
The orc warrior is almost dead.
The orc warrior hits you with a +0 battleaxe!!
You are too injured to fight recklessly!
You closely miss the orc warrior. Your kick misses the orc warrior.
The orc warrior is almost dead.
The orc warrior hits you with a +0 battleaxe!
* * * LOW HITPOINT WARNING * * *
An orc priest comes into view. It is wielding a +0 mace.
The orc priest shouts!
The orc priest invokes the aid of Beogh against you.
Beogh smites you!
You die...

.# . .#
....##########.###
#.#..o...o.o......#
###.#..#######@.....#
..#.#..# #[.....#
#..#..##### #......#
##........# #......#
##.#......##.#
#.##.### .........#
#.###.##.#
#..###........#
#..........####
#.##########


You could see an orc warrior, an orc priest and an orc.

Vanquished Creatures
  A sky beast (D:5)
  An ogre (D:3)
  A scorpion (D:5)
  4 jellies (D:5)
  3 hounds
  5 iguanas
  An orc wizard (D:5)
  A gnoll (D:1)
  7 adders
  3 worms
  A dart slug (D:2)
  18 orcs
  8 endoplasms
  2 giant cockroaches (D:2)
  5 hobgoblins
  3 quokkas
  13 ball pythons
  4 bats (D:1)
  14 frilled lizards
  6 goblins
  6 kobolds
  3 rats
110 creatures vanquished.

Vanquished Creatures (others)
  A demonic plant (D:2)
  8 plants (D:5)
9 creatures vanquished.

Grand Total: 119 creatures vanquished

Notes
Turn   | Place    | Note
-------+----------+-------------------------------------------
     0 | D:1      | Aneyh the Tengu Monk began the quest for the Orb.
     0 | D:1      | Reached XP level 1. HP: 14/14 MP: 2/2
   179 | D:1      | Reached XP level 2. HP: 17/19 MP: 3/3
   632 | D:2      | Reached XP level 3. HP: 23/23 MP: 4/4
   777 | D:2      | Found a faded altar of an unknown god.
  1205 | D:2      | Reached skill level 5 in Polearms
  1470 | D:3      | Identified the +0 robe of the Kettle-Drum {Int+7}
  1579 | D:3      | Reached XP level 4. HP: 14/28 MP: 5/5
  1591 | D:3      | Identified the ring of Ufiqynesh {Will+ Str+4}
  2306 | D:1      | Reached skill level 4 in Fighting
  2661 | D:4      | Gained mutation: Your magical nature lets you fly swiftly
                  | and evasively. [Tengu growth]
  2661 | D:4      | Reached XP level 5. HP: 26/33 MP: 6/6
  2696 | D:4      | Noticed an ogre
  2727 | D:3      | Killed an ogre
  2728 | D:3      | Reached skill level 5 in Fighting
  2883 | D:4      | Reached XP level 6. HP: 40/40 MP: 7/7
  3354 | D:4      | Found a staircase to the Ecumenical Temple.
  3364 | Temple   | Entered the Ecumenical Temple
  3743 | D:5      | Entered Level 5 of the Dungeon
  3772 | D:5      | Reached skill level 6 in Fighting
  3975 | D:5      | Reached XP level 7. HP: 35/47 MP: 8/8
  4148 | D:5      | Noticed Prince Ribbit
  4150 | D:5      | Found a glowing silver altar of Zin.
  4188 | D:5      | Found Qowemaaw's Magic Scroll Emporium.
  4252 | D:5      | Noticed Edmund
  4696 | D:5      | Reached skill level 7 in Fighting
  5876 | D:5      | HP: 2/48 [something (5)]
  5883 | D:5      | Reached skill level 8 in Fighting
  6164 | D:6      | Killed from afar by an orc priest

Illustrated notes

Levels and vault maps discovered:
D:1:      dpeg_arrival_morbid_curiosity, layout_basic
D:2:      layout_loops_corners, shapermc_ecumenical_altar_gd
D:3:      layout_rooms
D:4:      layout_loops_ring, minmay_temple_entry_wispy
D:5:      lemuel_ice_spiral_2, layout_basic, nicolae_overflow_hidden_temple,
          serial_shops, nicolae_shop_temple_entry_statues_fountains,
          minmay_lizard_king, uniq_edmund, uniq_prince_ribbit1
D:6:      layout_loops_corners, lemuel_round_altar, serial_shops,
          kennysheep_little_box
Temple:   eino_temple_water

Skill      XL: |  1  2  3  4  5  6  7 |
---------------+----------------------+-----
Polearms       | 4 5 |  5.1
Fighting       | 4 5 6 8 |  8.4
Dodging        | |  3.2
Stealth        | |  2.0

Action                     |  1- 3 |  4- 6 |  7- 9 || total
---------------------------+-------+-------+-------++-------
  Melee: Spear             |   109 |    72 |       ||   181
         Kick              |    21 |    27 |    28 ||    76
         Peck              |    10 |    17 |    16 ||    43
         Trident           |       |    50 |   111 ||   161
         Punch             |       |     1 |     2 ||     3
  Throw: Javelin           |       |     7 |     6 ||    13
         Boomerang         |       |     6 |       ||     6
    Use: Potion            |       |       |     1 ||     1
   Stab: Sleeping          |    12 |    11 |     3 ||    26
         Distracted        |     1 |     1 |       ||     2
 Armour: Robe              |     6 |     7 |     9 ||    22
  Dodge: Dodged            |    41 |    58 |    61 ||   160

Table legend: (Time is in decaauts)
 A = Elapsed time spent in this place.
 B = Non-inter-level travel time spent in this place.
 C = Inter-level travel time spent in this place.
 D = Time resting spent in this place.
 E = Time spent auto-exploring this place.
 F = Levels seen in this place.
 G = Mean time per level.
                   A        B        C        D        E       F      G
               +--------+--------+--------+--------+--------+-----+--------+
         Total |   5963 |   5575 |    388 |   1455 |   3034 |   7 |  851.9 |
       Dungeon |   5816 |   5437 |    379 |   1455 |   2950 |   6 |  969.3 |
        Temple |    147 |    138 |      9 |      0 |     83 |   1 |  147.0 |
               +--------+--------+--------+--------+--------+-----+--------+

Top non-repeatable levels by time:
     D:5: 1709 daAuts
     D:2: 1391 daAuts
     D:4: 896 daAuts
     D:3: 843 daAuts
     D:1: 785 daAuts
     D:6: 189 daAuts
  Temple: 147 daAuts
